 Dungeon Crawl Stone Soup version 0.17.0-27-g4a3f43e (webtiles) character file.

314 septik the Changer (level 6, -8/38 HPs)
             Began as an Octopode Transmuter on Nov 21, 2015.
             Mangled by Prince Ribbit (13 damage)
             ... on level 5 of the Dungeon.
             The game lasted 00:09:21 (3857 turns).

septik the Changer (Octopode Transmuter)            Turns: 3857, Time: 00:09:21

Health: -8/38      AC:  1    Str:  9    XL:     6   Next: 43%
Magic:  9/11       EV: 12    Int: 16    God:
Gold:   256        SH:  0    Dex: 14    Spells: 3 memorised, 6 levels left

rFire  . . .     SeeInvis .       - Unarmed
rCold  + . .     Clarity  .     (no shield)
rNeg   . . .     SustAt   .     (helmet restricted)
rPois  .         Gourm    .     B - amulet of inaccuracy
rElec  .         Spirit   .     h - ring of ice
rCorr  .         Warding  .     r - ring of protection from fire
rMut   .         Stasis   .     (no ring)
MR     .....                    (no ring)
Stlth  ++........               (no ring)
                                (no ring)
                                (no ring)
                                (no ring)

@: not resistant to hostile enchantments, unstealthy
A: almost no armour, amphibious, 8 rings, constrict 8, camouflage 1, gelatinous
body 1
a: no special abilities


You were on level 5 of the Dungeon.
You were hungry.

You visited 1 branch of the dungeon, and saw 5 of its levels.

You collected 256 gold pieces.

Inventory:

Hand Weapons
 y - a +1 blowgun
Missiles
 a - 12 arrows
 k - 102 stones (quivered)
 w - 8 arrows of flame
 z - 12 poisoned needles
Jewellery
 h - a ring of ice (left tentacle)
 j - an uncursed amulet of regeneration {unknown}
 r - a ring of protection from fire (right tentacle)
 B - an amulet of inaccuracy (around mantle)
Wands
 s - a wand of fire (9)
 x - a wand of fire (5)
 C - a wand of enslavement (13)
Scrolls
 g - a scroll of noise
 m - 4 scrolls of identify
 n - 4 scrolls of remove curse
Potions
 e - 3 potions of haste
 f - a potion of degeneration {unknown}
 i - a potion of mutation {unknown}
 l - a potion of lignification {unknown}
 p - a potion of curing {unknown}
 q - a potion of agility {unknown}
 t - a potion of flight {unknown}
 u - a potion of cure mutation {unknown}
 v - a potion of might {unknown}
 A - a potion of berserk rage {unknown}
Books
 b - a book of Changes

   Spells                             Type                      Level
   a - Beastly Appendage              Transmutation                1
   b - Sticks to Snakes               Transmutation                2
   c - Spider Form                    Transmutation/Poison         3
   d - Ice Form                       Ice/Transmutation            4
   e - Blade Hands                    Transmutation                5
Comestibles
 c - 5 bread rations
 d - a meat ration
 o - a slice of pizza


   Skills:
 - Level 1.0 Fighting
 - Level 2.0 Dodging
 - Level 3.5 Unarmed Combat
 * Level 3.6 Spellcasting
 + Level 5.3 Transmutations


You had 6 spell levels left.
You knew the following spells:

 Your Spells              Type           Power        Failure   Level  Hunger
a - Beastly Appendage     Trmt           ###...       1%          1    None
b - Sticks to Snakes      Trmt           ###.......   3%          2    ##.....
c - Spider Form           Trmt/Pois      ##........   17%         3    ###....


Dungeon Overview and Level Annotations

Branches:
Dungeon (5/15)
 Temple: D:4-7

Altars:
Ashenzari
Makhleb
Nemelex Xobeh
Ru
Sif Muna
Yredelemnul
Zin

Annotations:
D:4 exclusions: orc priest and orc wizard
D:5 Prince Ribbit


Innate Abilities, Weirdness & Mutations

You cannot wear most types of armour.
You are amphibious.
You can wear up to eight rings at the same time.
You can use your tentacles to constrict eight enemies at once.
Your skin changes colour to match your surroundings (Stealth).
Your rubbery body absorbs attacks (AC +1).


Message History

Unknown command.
Prince Ribbit momentarily phases out as your attack passes through him.
Prince Ribbit is moderately wounded.
The worker ant barely misses you. Prince Ribbit completely misses you.
Unknown command.
You hit Prince Ribbit.
Prince Ribbit is moderately wounded.
The worker ant completely misses you.
Prince Ribbit catches a mouse with his tongue.
Prince Ribbit hits you.
Unknown command.
You hit Prince Ribbit.
Prince Ribbit is heavily wounded.
Your transformation has ended.
Prince Ribbit hits you!
* * * LOW HITPOINT WARNING * * *
The worker ant barely misses you.
Prince Ribbit blinks!
Prince Ribbit blinks!
The worker ant barely misses you. Prince Ribbit hits you!
You die...

.. #.# #.# #.#
#.# ###.# ##.#.#
####<.@.########
+.....F.a.......
#.......########
#.##..#.# #.
#.##.# # #.##.#
#.##.# #.##.# ..
..#


You could see Prince Ribbit and a worker ant.

Vanquished Creatures
  A scorpion (D:4)
  An orc priest (D:3)
  2 hounds (D:4)
  A giant frog skeleton (D:4)
  An iguana (D:4)
  3 adders
  2 oozes
  6 orcs
  5 giant cockroaches
  8 goblins
  8 hobgoblins
  A ball python (D:4)
  4 bats
  2 giant geckos
  9 giant newts
  10 kobolds
  3 quokkas
  5 rats
72 creatures vanquished.

Notes
Turn   | Place    | Note
--------------------------------------------------------------
     0 | D:1      | septik the Octopode Transmuter began the quest for the Orb.
     0 | D:1      | Reached XP level 1. HP: 13/13 MP: 3/3
   204 | D:1      | Reached XP level 2. HP: 6/18 MP: 5/5
   742 | D:1      | Reached XP level 3. HP: 21/23 MP: 6/6
  1527 | D:2      | Found a glowing silver altar of Zin.
  1534 | D:2      | Found a shattered altar of Ashenzari.
  1541 | D:2      | Found a sacrificial altar of Ru.
  1548 | D:2      | Found a deep blue altar of Sif Muna.
  1555 | D:2      | Found a basalt altar of Yredelemnul.
  1562 | D:2      | Found a burning altar of Makhleb.
  1567 | D:2      | Found a sparkling altar of Nemelex Xobeh.
  1652 | D:3      | Reached skill level 4 in Transmutations
  1709 | D:3      | Reached XP level 4. HP: 26/28 MP: 5/7
  1917 | D:3      | Learned a level 2 spell: Sticks to Snakes
  1921 | D:3      | Learned a level 3 spell: Spider Form
  2323 | D:3      | Reached XP level 5. HP: 33/33 MP: 8/8
  3163 | D:4      | Reached skill level 5 in Transmutations
  3442 | D:4      | Reached XP level 6. HP: 38/38 MP: 6/10
  3843 | D:5      | Entered Level 5 of the Dungeon
  3843 | D:5      | Noticed Prince Ribbit
  3857 | D:5      | Mangled by Prince Ribbit

Action                   |  1- 3 |  4- 6 || total
-------------------------+-------+-------++-------
Melee: Unarmed           |   102 |   102 ||   204
 Cast: Beastly Appendage |     5 |       ||     5
       Spider Form       |       |     3 ||     3
  Use: Scroll            |       |     8 ||     8
 Stab: Sleeping          |     6 |     6 ||    12
  Eat: Chunk             |     2 |     7 ||     9
